 Dungeon Crawl Stone Soup version 0.19-a0-1886-gd64a0f0 (webtiles) character file.

29 Alarkh the Charmwright (level 3, 0/27 HPs)
             Began as a Mummy Skald on Oct 15, 2016.
             Slain by an adder (2 damage)
             ... on level 2 of the Dungeon.
             The game lasted 00:01:12 (868 turns).

Alarkh the Charmwright (Mummy Skald)                 Turns: 868, Time: 00:01:13

Health: 0/27       AC:  3    Str: 15    XL:     3   Next: 1%
Magic:  0/6        EV: 11    Int: 12    God:
Gold:   42         SH:  0    Dex: 11    Spells: 1 memorised, 6 levels left

rFire  x . .     SeeInvis .     a - +0 spear
rCold  + . .     Gourm    .     b - +0 leather armour
rNeg   + + +     Faith    .     (no shield)
rPois  ∞         Spirit   .     (no helmet)
rElec  .         Dismiss  .     (no cloak)
rCorr  .         Reflect  .     (no gloves)
MR     .....     Harm     .     (no boots)
Stlth  +.........               (no amulet)
                                (no ring)
                                (no ring)

@: infused (expiring), very slightly contaminated
A: no food or potions, fire vulnerability, cold resistance 1, negative energy
resistance 3, torment resistance, unbreathing
a: no special abilities


You were on level 2 of the Dungeon.
You were not hungry.

You visited 1 branch of the dungeon, and saw 2 of its levels.

You collected 42 gold pieces.

Inventory:

Hand Weapons
 a - a +0 spear (weapon)
Armour
 b - a +0 leather armour (worn)
Scrolls
 d - 2 scrolls of magic mapping
 e - a scroll of enchant armour {unknown}
 f - a scroll of random uselessness {unknown}
 g - 2 scrolls of noise
 h - a scroll of teleportation {unknown}
Books
 c - a book of Battle

   Spells                             Type                      Level
   a - Infusion                       Charms                       1
   b - Shroud of Golubria             Charms/Translocation         2
   c - Song of Slaying                Charms                       2
   d - Spectral Weapon                Hexes/Charms                 3
   e - Regeneration                   Charms/Necromancy            3


   Skills:
 - Level 2.0 Fighting
 + Level 2.0 Polearms
 - Level 0.7 Armour
 - Level 0.7 Dodging
 + Level 2.5 Spellcasting
 + Level 2.8 Charms


You had 6 spell levels left.
You knew the following spells:

 Your Spells              Type           Power        Failure   Level  Hunger
a - Infusion              Chrm           #...         12%         1    N/A

Dungeon Overview and Level Annotations

Branches:
Dungeon (2/15)

Altars:
Ru


Innate Abilities, Weirdness & Mutations

You do not eat or drink.
Your flesh is vulnerable to fire.
You are immune to poison.
Your flesh is cold resistant. (rC+)
You are immune to negative energy. (rN+++)
You are immune to unholy pain and torment.
You can survive without breathing.


Message History

You closely miss the adder.
The adder is moderately wounded.
Your magical infusion is running out.
The adder bites you.
* * * LOW HITPOINT WARNING * * *
The adder closely misses you.
You hit the adder.
The adder is heavily wounded.
The adder bites you.
* * * LOW HITPOINT WARNING * * *
You hit the adder but do no damage.
The adder is heavily wounded.
The adder misses you.
You hit the adder.
The adder is almost dead.
The adder bites you but does no damage. The adder barely misses you.
You hit the adder but do no damage.
The adder is almost dead.
The adder bites you.
You die...

### ##.########### ######*
##..†..(((....#
#.....###.....#######.#
#.............# #.#
#......)..#S#.# #.#
#[........#@#.# #.#
#.............# #.#
***###.......#+### #.#
*,,,..........,,** #.#
*,*###.........,,** ###.#####
*,**,######.....,,** #.......##
***,*,,,****.....$.,,###.........
,,,,,,,,,,,+.,,,,,,,,+.......#.##
***,*,,,****,,,,,,,,,###....##.##


You could see an adder.

Vanquished Creatures
  An ooze (D:1)
  A giant cockroach (D:1)
  4 goblins
  5 hobgoblins
  2 quokkas (D:2)
  A bat (D:1)
  A frilled lizard (D:1)
  5 kobolds
  3 rats (D:1)
23 creatures vanquished.

Notes
Turn   | Place    | Note
-------+----------+-------------------------------------------
     0 | D:1      | Alarkh the Mummy Skald began the quest for the Orb.
     0 | D:1      | Reached XP level 1. HP: 16/16 MP: 3/3
   171 | D:1      | Reached XP level 2. HP: 21/22 MP: 1/5
   579 | D:2      | Found a sacrificial altar of Ru.
   861 | D:2      | Reached XP level 3. HP: 9/27 MP: 0/6
   865 | D:2      | HP: 1/27 [adder (5)]
   868 | D:2      | Slain by an adder

Vault maps used:
D:1:      matt_arrival_los_fun
D:2:      nicolae_ru_sacrificial_ziggurat, minmay_three_crescents

Skill      XL: |  1  2 |
---------------+-------+-----
Polearms       | 2 |  2.0
Fighting       | |  2.0
Armour         | |  0.7
Dodging        | |  0.7
Spellcasting   | |  2.5
Charms         | |  2.8

Action                   || total
-------------------------++-------
Melee: Spear             ||    81
 Cast: Infusion          ||    11
  Use: Scroll            ||     2
Armor: Leather armour    ||    20
Dodge: Dodged            ||    35
